% Time on Ice - KELOWNA ROCKETS
Lines # - Real PCT - Wanted PCT - Time Play
Normal Forward
1 - 36% - 41% - 18:11
2 - 33% - 39% - 16:23
3 - 23% - 20% - 11:50
4 - 8% - 0% - 3:58
Normal Defense
1 - 33% - 35% - 16:45
2 - 34% - 34% - 16:56
3 - 31% - 31% - 15:40
4 - 2% - 0% - 1:01
PP Forward
1 - 43% - 65% - 0:26
2 - 57% - 35% - 0:34
PP Defense
1 - 80% - 65% - 0:48
2 - 20% - 35% - 0:12
PK Forward
1 - 66% - 55% - 5:40
2 - 34% - 45% - 2:58
PK Defense
1 - 61% - 55% - 5:16
2 - 39% - 45% - 3:22
PK3 Forward
1 - 0% - 55%
2 - 0% - 45%
PK3 Defense
1 - 0% - 55%
2 - 0% - 45%
44 Forward
1 - 0% - 55%
2 - 0% - 45%
44 Defense
1 - 0% - 55%
2 - 0% - 45%
Last Minute Offensive  - 0:00
Last Minute Defensive  - 0:00
Total
Forward - 60:00
Defense - 60:00
% Time on Ice - SAN JOSE BRONCOS
Lines # - Real PCT - Wanted PCT - Time Play
Normal Forward
1 - 34% - 36% - 17:13
2 - 32% - 33% - 15:52
3 - 23% - 25% - 11:28
4 - 12% - 6% - 5:49
Normal Defense
1 - 39% - 40% - 19:39
2 - 33% - 35% - 16:45
3 - 28% - 25% - 13:58
4 - 0% - 0% - 0:00
PP Forward
1 - 56% - 60% - 4:49
2 - 44% - 40% - 3:49
PP Defense
1 - 52% - 60% - 4:29
2 - 48% - 40% - 4:09
PK Forward
1 - 38% - 50% - 0:23
2 - 62% - 50% - 0:37
PK Defense
1 - 48% - 50% - 0:29
2 - 52% - 50% - 0:31
PK3 Forward
1 - 0% - 50%
2 - 0% - 50%
PK3 Defense
1 - 0% - 55%
2 - 0% - 45%
44 Forward
1 - 0% - 50%
2 - 0% - 50%
44 Defense
1 - 0% - 50%
2 - 0% - 50%
Last Minute Offensive  - 0:00
Last Minute Defensive  - 0:00
Total
Forward - 60:00
Defense - 60:00
Play-by-Play 1st period 0:01 of 1st period - Brayden Point wins face-off versus Evgeny Kuznetsov in neutral zone. 0:03 of 1st period - Off-side. 0:04 of 1st period - Evgeni Malkin wins face-off versus Anthony Cirelli in neutral zone. 2:37 of 1st period - Off-side. 2:38 of 1st period - Anthony Cirelli wins face-off versus David Kampf in neutral zone. 3:10 of 1st period - Icing by Kristopher Letang. 3:11 of 1st period - Anthony Cirelli wins face-off versus Nick Bonino in KELOWNA ROCKETS zone. 3:22 of 1st period - Shot by Anthony Cirelli. 3:22 of 1st period - Shot Misses the Net. 3:39 of 1st period - Icing by Matt Irwin. 3:40 of 1st period - Jesper Bratt wins face-off versus Evgeny Kuznetsov in SAN JOSE BRONCOS zone. 3:45 of 1st period - Marco Scandella is hit by Alexander Ovechkin and loses puck. 3:57 of 1st period - Mark Giordano is hit by Anthony Beauvillier and loses puck. 4:05 of 1st period - Alexander Ovechkin is hit by Matt Irwin and loses puck. 4:26 of 1st period - Shot by Alexander Ovechkin. 4:26 of 1st period - Stopped by Jacob Markstrom without a rebound. 4:27 of 1st period - Vladislav Kamenev wins face-off versus Brayden Point in SAN JOSE BRONCOS zone. 4:40 of 1st period - Shot by Vladimir Tarasenko. 4:40 of 1st period - Shot Misses the Net. 5:37 of 1st period - Icing by Chris Tanev. 5:38 of 1st period - Connor Brown wins face-off versus Evgeny Kuznetsov in SAN JOSE BRONCOS zone. 5:51 of 1st period - Shot by Alexander Ovechkin. 5:51 of 1st period - Stopped by Jacob Markstrom without a rebound. 5:52 of 1st period - David Kampf wins face-off versus Jordan Eberle in SAN JOSE BRONCOS zone. 5:52 of 1st period - David Kampf is hit by Pavel Buchnevich. 6:08 of 1st period - Shot by Anthony Cirelli. 6:08 of 1st period - Shot Misses the Net. 6:13 of 1st period - Minor Penalty to Jordan Eberle for Slashing. 6:14 of 1st period - Brayden Point wins face-off versus Anthony Cirelli in KELOWNA ROCKETS zone. 6:41 of 1st period - Shot by Elias Lindholm. 6:41 of 1st period - Stopped by Tuukka Rask without a rebound. 6:42 of 1st period - Evgeni Malkin wins face-off versus Ilya Kovalchuk in KELOWNA ROCKETS zone. 6:59 of 1st period - Dmitri Orlov is hit by Claude Giroux and loses puck. 7:58 of 1st period - Adam Fox is hit by Elias Lindholm. 8:34 of 1st period - Shot by Anthony Beauvillier. 8:34 of 1st period - Shot Misses the Net. 8:36 of 1st period - Shot by Nick Bonino. 8:36 of 1st period - Stopped by Tuukka Rask without a rebound. 8:37 of 1st period - Charlie Coyle wins face-off versus Evgeny Kuznetsov in KELOWNA ROCKETS zone. 8:38 of 1st period - Shot by David Kampf. 8:38 of 1st period - Stopped by Tuukka Rask without a rebound. 8:39 of 1st period - Evgeni Malkin wins face-off versus Evgeny Kuznetsov in KELOWNA ROCKETS zone. 8:56 of 1st period - Jaccob Slavin is hit by Alexander Ovechkin and loses puck. 9:09 of 1st period - Shot by Alexander Ovechkin. 9:09 of 1st period - Shot Hit the Post. 9:36 of 1st period - Shot by Elias Lindholm. 9:36 of 1st period - Stopped by Tuukka Rask without a rebound. 9:37 of 1st period - Anthony Cirelli wins face-off versus Elias Lindholm in KELOWNA ROCKETS zone. 9:37 of 1st period - Jordan Eberle is hit by Elias Lindholm and loses puck. 9:53 of 1st period - Elias Lindholm is hit by Dmitri Orlov and loses puck. 10:02 of 1st period - Shot by Elias Lindholm. 10:02 of 1st period - Shot Blocked by Dmitri Orlov. 10:09 of 1st period - Off-side. 10:10 of 1st period - Nick Bonino wins face-off versus Vladislav Kamenev in neutral zone. 11:42 of 1st period - Shot by Brayden Point. 11:42 of 1st period - Shot Misses the Net. 11:44 of 1st period - Shot by Oliver Bjorkstrand. 11:44 of 1st period - Stopped by Tuukka Rask without a rebound. 11:45 of 1st period - Evgeni Malkin wins face-off versus Anthony Cirelli in KELOWNA ROCKETS zone. 12:02 of 1st period - Icing by Jordan Eberle. 12:03 of 1st period - Anthony Cirelli wins face-off versus Charlie Coyle in KELOWNA ROCKETS zone. 12:19 of 1st period - Icing by Adam Pelech. 12:20 of 1st period - Charlie Coyle wins face-off versus Evgeny Kuznetsov in SAN JOSE BRONCOS zone. 12:20 of 1st period - Charlie Coyle is hit by Alexander Ovechkin. 12:31 of 1st period - Icing by Ilya Kovalchuk. 12:32 of 1st period - Evgeni Malkin wins face-off versus Evgeny Kuznetsov in KELOWNA ROCKETS zone. 13:03 of 1st period - Shot by Claude Giroux. 13:03 of 1st period - Shot Misses the Net. 13:09 of 1st period - Shot by Evgeni Malkin. 13:09 of 1st period - Shot Misses the Net. 13:52 of 1st period - Anthony Cirelli is hit by Elias Lindholm and loses puck. 14:26 of 1st period - Icing by Kristopher Letang. 14:27 of 1st period - Vladislav Kamenev wins face-off versus Nick Bonino in KELOWNA ROCKETS zone. 14:27 of 1st period - Vladislav Kamenev is hit by Anthony Beauvillier. 15:01 of 1st period - Shot by Vladimir Tarasenko. 15:01 of 1st period - Shot Misses the Net. 15:41 of 1st period - Shot by Ilya Kovalchuk. 15:41 of 1st period - Stopped by Jacob Markstrom with a rebound. 15:53 of 1st period - Shot by Evgeny Kuznetsov. 15:53 of 1st period - Goal by Evgeny Kuznetsov - KELOWNA ROCKETS : 1 - SAN JOSE BRONCOS : 0. 15:54 of 1st period - Brayden Point wins face-off versus Anthony Cirelli in neutral zone. 16:09 of 1st period - Shot by Elias Lindholm. 16:09 of 1st period - Stopped by Tuukka Rask without a rebound. 16:10 of 1st period - Evgeni Malkin wins face-off versus Noah Gregor in KELOWNA ROCKETS zone. 18:36 of 1st period - Shot by Alexander Ovechkin. 18:36 of 1st period - Deflect By Evgeny Kuznetsov. 18:36 of 1st period - Stopped by Jacob Markstrom without a rebound. 18:37 of 1st period - Evgeny Kuznetsov wins face-off versus Charlie Coyle in SAN JOSE BRONCOS zone. 18:42 of 1st period - Shot by Mark Giordano. 18:42 of 1st period - Shot Misses the Net. 18:58 of 1st period - Matt Irwin is hit by Alexander Ovechkin and loses puck. 18:59 of 1st period - Minor Penalty to Alexander Ovechkin for Slashing. 19:00 of 1st period - Anthony Cirelli wins face-off